 Dungeon Crawl Stone Soup version 0.22-a0-414-gacd343e (webtiles) character file.

3075 panicbit the Cleaver (level 9, 0/78 HPs)
             Began as a Minotaur Fighter on May 13, 2018.
             Was a Priest of Okawaru.
             Succumbed to an orc's poison
             ... on level 8 of the Dungeon.
             The game lasted 00:13:25 (6444 turns).

panicbit the Cleaver (Minotaur Fighter)             Turns: 6444, Time: 00:13:25

Health: 0/78       AC: 11    Str: 23    XL:     9   Next: 58%
Magic:  8/8        EV: 10    Int:  5    God:    Okawaru [***...]
Gold:   305        SH: 12    Dex: 11    Spells: 8/8 levels left

rFire    . . .     SeeInvis .   a - +0 war axe
rCold    . . .     Gourm    +   c - +1 shield
rNeg     . . .     Faith    .   b - +0 scale mail
rPois    .         Spirit   .   (helmet restricted)
rElec    .         Reflect  .   (no cloak)
rCorr    .         Harm     .   y - +1 pair of gloves
MR       .....                  (no boots)
Stlth    ..........             r - amulet of the gourmand
HPRegen  0.23/turn              C - +1 ring of protection
MPRegen  0.11/turn              w - ring of flight

@: lethally poisoned (0 -> -5)
A: retaliatory headbutt, horns 2
a: Heroism, Renounce Religion, Evoke Flight


You were on level 8 of the Dungeon.
You worshipped Okawaru.
Okawaru was most pleased with you.
You were full.

You visited 2 branches of the dungeon, and saw 9 of its levels.

You collected 305 gold pieces.

Inventory:

Hand Weapons
 a - a +0 war axe (weapon)
 F - a +1 flail of protection
Armour
 b - a +0 scale mail (worn)
 c - a +1 shield (worn)
 l - a +0 pair of gloves
 y - a +1 pair of gloves (worn)
Jewellery
 r - an amulet of the gourmand (around neck)
 w - a ring of flight (right hand)
 C - a +1 ring of protection (left hand)
Wands
 D - a wand of iceblast (6)
 G - a wand of flame (16)
Scrolls
 g - 9 scrolls of identify
 h - 3 scrolls of enchant armour
 i - 3 scrolls of amnesia {unknown}
 k - a scroll of fear {unknown}
 m - 6 scrolls of remove curse
 n - 3 scrolls of enchant weapon {unknown}
 p - 4 scrolls of teleportation {unknown}
 s - a scroll of noise {unknown}
 t - 4 scrolls of immolation {unknown}
 v - a scroll of fog {unknown}
 x - a scroll of random uselessness {unknown}
 z - 2 scrolls of magic mapping {unknown}
 E - a scroll of blinking {unknown}
Potions
 d - a potion of might
 e - 2 potions of degeneration {unknown}
 j - 4 potions of curing {unknown}
 o - a potion of heal wounds {unknown}
 q - 2 potions of haste {unknown}
 u - a potion of agility {unknown}
 A - a potion of flight {unknown}
 B - a potion of berserk rage {unknown}
 H - a potion of resistance {unknown}
Comestibles
 f - 16 rations


   Skills:
 + Level 6.6 Fighting
 + Level 10.5 Axes
 + Level 8.7 Armour
 + Level 3.0 Dodging
 + Level 0.7 Stealth
 + Level 7.5 Shields


You had 8 spell levels left.
You didn't know any spells.
Your spell library contained the following spells:

 Spells                   Type           Power        Failure   Level  Hunger
 Throw Frost              Conj/Ice       #.....       99%         2    ###....
 Freeze                   Ice            #...         97%         1    ##.....
 Summon Ice Beast         Ice/Summ       #.......     100%        4    #####..
 Ozocubu's Armour         Chrm/Ice       #.......     100%        3    ####...
 Throw Icicle             Conj/Ice       #.......     100%        4    #####..


Dungeon Overview and Level Annotations

Branches:
Dungeon (8/15)             Temple (1/1) D:7
   Lair: D:8-11

Altars:
Ashenzari
Cheibriados
Fedhas
Hepliaklqana
Kikubaaqudgha
Makhleb
Nemelex Xobeh
Okawaru
Qazlal
Ru
Sif Muna
Uskayaw
Vehumet
Wu Jian
Xom
Yredelemnul
Zin
The Shining One

Shops:
D:5 *   D:7 [


Innate Abilities, Weirdness & Mutations

You reflexively headbutt those who attack you in melee.
You have a pair of horns on your head.


Message History

The orc warrior is almost dead.
* * * LOW HITPOINT WARNING * * *
You feel sick. The orc warrior barely misses you. You furiously retaliate!
You headbutt the orc warrior. You closely miss the orc warrior.
Your headbutt misses the orc warrior.
The orc warrior is almost dead.
* * * LOW HITPOINT WARNING * * *
You feel sick.
You hit the orc warrior but do no damage.
Your headbutt misses the orc warrior.
The orc warrior is almost dead.
You block the orc warrior's attack.
You closely miss the orc warrior.
The orc warrior is almost dead.
* * * LOW HITPOINT WARNING * * *
You feel sick.
The orc warrior hits you but does no damage.
You barely miss the orc warrior.
The orc warrior is almost dead.
You die...

#........(..
#...........
#....)......
#######..o..#
........)...#.#
.#######.###.....
.......).)........
########[##.......
#o@# o####. ####
.. #.


You could see an orc warrior.

Vanquished Creatures
  Grinder (D:3)
  A hungry ghost (D:7)
  Edmund (D:6)
  A water moccasin (D:6)
  2 ice beasts (D:6)
  2 sky beasts
  A phantom (D:5)
  A necrophage (D:6)
  2 ogres
  2 centaurs (D:7)
  A bullfrog (D:8)
  4 wights (D:6)
  6 killer bees (D:7)
  2 bullfrog zombies
  2 crimson imps
  6 orc priests
  2 bullfrog skeletons
  5 hounds
  7 orc wizards
  An iguana (D:7)
  5 worker ants
  2 worker ant zombies (D:5)
  7 gnolls (D:3)
  8 adders
  2 shadow imps
  An adder skeleton (D:6)
  An adder zombie (D:8)
  3 worms
  3 dart slugs
  A leopard gecko (D:1)
  22 orcs
  6 bats
  3 giant cockroaches
  6 goblins
  7 hobgoblins
  10 jackals
  5 quokkas
  6 frilled lizards
  10 kobolds
  4 rats
162 creatures vanquished.

Notes
Turn   | Place    | Note
-------+----------+-------------------------------------------
     0 | D:1      | panicbit the Minotaur Fighter began the quest for the Orb.
     0 | D:1      | Reached XP level 1. HP: 19/19 MP: 0/0
   250 | D:1      | Reached XP level 2. HP: 25/27 MP: 1/1
   930 | D:2      | Reached XP level 3. HP: 29/33 MP: 2/2
  1022 | D:2      | Found a radiant altar of Vehumet.
  1114 | D:2      | Reached skill level 3 in Axes
  1154 | D:2      | Found a shattered altar of Ashenzari.
  1163 | D:2      | Reached skill level 1 in Dodging
  1163 | D:2      | Reached XP level 4. HP: 23/40 MP: 3/3
  1336 | D:3      | Reached skill level 4 in Axes
  1336 | D:3      | Reached XP level 5. HP: 43/46 MP: 4/4
  1369 | D:3      | Reached skill level 5 in Armour
  1854 | D:3      | Noticed Grinder
  1899 | D:3      | Killed Grinder
  1899 | D:3      | Reached skill level 5 in Axes
  1899 | D:3      | Reached skill level 5 in Shields
  1899 | D:3      | Reached XP level 6. HP: 10/53 MP: 5/5
  2352 | D:3      | Found a snail-covered altar of Cheibriados.
  2383 | D:3      | Found an iron altar of Okawaru.
  2400 | D:3      | Became a worshipper of Warmaster Okawaru
  2717 | D:4      | Reached XP level 7. HP: 60/60 MP: 6/6
  2732 | D:4      | Reached skill level 6 in Axes
  2760 | D:4      | Found a basalt altar of Yredelemnul.
  3295 | D:5      | Entered Level 5 of the Dungeon
  3464 | D:5      | Found Zagu's Assorted Antiques.
  3674 | D:5      | Reached * piety under Okawaru
  3674 | D:5      | Reached skill level 7 in Axes
  3674 | D:5      | Reached XP level 8. HP: 13/67 MP: 7/7
  4375 | D:6      | Reached skill level 5 in Fighting
  4626 | D:6      | Reached skill level 8 in Axes
  4654 | D:6      | Found a burning altar of Makhleb.
  4744 | D:6      | Noticed Edmund
  4765 | D:6      | Killed Edmund
  4775 | D:6      | Reached ** piety under Okawaru
  5215 | D:6      | Found a glowing silver altar of Zin.
  5229 | D:6      | Reached skill level 9 in Axes
  5251 | D:6      | Reached XP level 9. HP: 25/75 MP: 8/8
  5544 | D:6      | Found a hide-covered altar of Uskayaw.
  5544 | D:6      | Found an ancient bone altar of Kikubaaqudgha.
  5648 | D:7      | Found Qofoxuyn's Antique Armour Emporium.
  5973 | D:7      | Reached skill level 10 in Axes
  5982 | D:7      | Reached *** piety under Okawaru
  5988 | D:7      | Found a staircase to the Ecumenical Temple.
  6018 | Temple   | Entered the Ecumenical Temple
  6439 | D:8      | HP: 3/78 [orc warrior/battleaxe (16)]
  6441 | D:8      | HP: 1/78 [poisoned by an orc]
  6444 | D:8      | Succumbed to an orc's poison

Vault maps used:
D:1:      shiori_arrival_oz
D:2:      old_standard_altar, ashenzari_altar_1, first_ration
D:3:      overflow_temple_1_default, okawaru_altar_gauntlet_db, uniq_grinder
D:4:      nicolae_overflow_crystal_walls
D:5:      serial_shops, nicolae_shop_statue_plus, nrook_uturn
D:6:      old_standard_altar, makhleb_heckhound_becter,
          chequers_temple_overflow_statue_of_worship, st_stairs_7, uniq_edmund
D:7:      minmay_temple_entry_statues_pillars, serial_shops, nicolae_shop_stone
D:8:      lightli_temple_of_fire, grunt_gozag_breadcrumbs, erik_lair_dragon,
          basic_altar
Temple:   kb_temple_of_zot

Skill      XL: |  1  2  3  4  5  6  7  8  9 |
---------------+----------------------------+-----
Armour         | 4 5 6 8 |  8.7
Shields        | 4 5 6 7 |  7.5
Fighting       | 4 6 |  6.6
Axes           | 3 4 5 7 9 10 | 10.5
Dodging        | 1 2 3 |  3.0
Stealth        | |  0.7

Action                   |  1- 3 |  4- 6 |  7- 9 || total
-------------------------+-------+-------+-------++-------
Melee: War axe           |    93 |   114 |   309 ||   516
       Headbutt          |    16 |    20 |    49 ||    85
  Use: Scroll            |       |       |     4 ||     4
  Eat: Chunk             |     1 |    16 |    19 ||    36
Armor: Scale mail        |    42 |    44 |   126 ||   212
Dodge: Dodged            |    37 |    48 |    70 ||   155
Block: Shield            |    52 |    69 |   169 ||   290

Table legend:
 A = Spawn XP
 B = Non-spawn XP
 C = Spawn XP percentage of total XP
 D = Spawn monster count
 E = Non-spawn monster count
 F = Spawn count percentage of total count
 G = Total turns spent on level
                    A         B        C        D         E        F      G
               +---------+---------+-------+---------+---------+-------+---------
         Total |       0 |    4394 |   0.0 |       0 |     162 |   0.0 |  6444
               +---------+---------+-------+---------+---------+-------+---------
           D:1 |       0 |      25 |   0.0 |       0 |      13 |   0.0 |   882
           D:2 |       0 |      89 |   0.0 |       0 |      28 |   0.0 |   432
           D:3 |       0 |     571 |   0.0 |       0 |      37 |   0.0 |  1191
           D:4 |       0 |     212 |   0.0 |       0 |       6 |   0.0 |   790
           D:5 |       0 |     575 |   0.0 |       0 |      22 |   0.0 |  1066
           D:6 |       0 |    1614 |   0.0 |       0 |      30 |   0.0 |  1283
           D:7 |       0 |    1044 |   0.0 |       0 |      19 |   0.0 |   652
           D:8 |       0 |     264 |   0.0 |       0 |       7 |   0.0 |    42
               +---------+---------+-------+---------+---------+-------+---------
